 Dungeon Crawl Stone Soup version 0.31-a0-1144-g99969ba1bc (webtiles) character file.

Game seed: 13056681522981366036

116 Milesaru the Grave Robber (level 4, -3/24 HPs)
             Began as a Vampire Necromancer on Dec 5, 2023.
             Was an Initiate of Yredelemnul.
             Killed from afar by Jessica (10 damage)
             ... with a puff of flame
             ... on level 3 of the Dungeon on Dec 6, 2023.
             The game lasted 00:18:28 (2505 turns).

Milesaru the Grave Robber (Vampire Necromancer)     Turns: 2505, Time: 00:18:29

Health: -3/24      AC:  2    Str:  5 (7)  XL:     4   Next: 70%
Magic:  8/8        EV: 12    Int: 17 (19) God:    Yredelemnul [......]
Gold:   150        SH:  0    Dex: 12 (14) Spells: 4/8 levels left

rFire   . . .        g - +1 dagger
rCold   + + +        (no shield)
rNeg    + + +        a - +0 robe
rPois   ∞            (no helmet)
rElec   .            (no cloak)
rCorr   .            (no gloves)
SInv    +            (no boots)
Will    .....        l - amulet of the acrobat
Stlth   ++++         h - ring of protection from cold
HPRegen 0.00/turn    (no ring)
MPRegen 0.11/turn

%: acrobat
@: bloodless, inhibited regen
A: bloodless, fangs 3, see invisible, vampiric 2
a: Bat Form, Revivify, Renounce Religion, Recall Undead Harvest


You were on level 3 of the Dungeon.
You worshipped Yredelemnul.
Yredelemnul was noncommittal.
You visited 1 branch of the dungeon, and saw 3 of its levels.

You collected 150 gold pieces.

Inventory:

Hand Weapons
 g - a +1 dagger (weapon)
Missiles
 j - 5 boomerangs
Armour
 a - a +0 robe (worn)
 f - a +0 pair of gloves
Magical Staves
 d - a staff of earth
Jewellery
 h - a ring of protection from cold (left hand)
 l - an amulet of the acrobat (around neck)
Scrolls
 c - a scroll of teleportation
Potions
 b - 2 potions of magic
 e - a potion of might {unknown}
 k - 2 potions of degeneration {unknown}
 m - 2 potions of heal wounds {unknown}
 n - a potion of curing {unknown}


   Skills:
 - Level 0.1 Staves
 + Level 2.4 Dodging
 * Level 3.6 Stealth
 + Level 2.9 Spellcasting
 * Level 5.9 Necromancy


You had 4 spell levels left.
You knew the following spells:

 Your Spells              Type           Power      Damage    Failure   Level
a - Necrotise             Necr           88%        1d8       1%          1
b - Vampiric Draining     Necr           22%        2d7       4%          3

Your spell library contained the following spells:

 Spells                   Type           Power      Damage    Failure   Level
 Shock                    Conj/Air       8%         1d3       19%         1
 Sting                    Tmut/Pois      8%         1d3       19%         1
 Poisonous Vapours        Pois/Air       4%         N/A       26%         2
 Olgreb's Toxic Radiance  Pois           2%         N/A       87%         4
 Agony                    Necr           22%        N/A       41%         5
 Animate Dead             Necr           Unusable   N/A       N/A         4

Dungeon Overview and Level Annotations

Branches:
Dungeon (3/15)

Altars:
Nemelex Xobeh
Yredelemnul

Annotations:
D:3 Grinder, Jessica


Innate Abilities, Weirdness & Mutations

You do not regenerate when monsters are visible.
You are frail without blood (-20% HP).
You can heal yourself when you bite living creatures.
You are immune to poison.
You have razor-sharp teeth.
You have supernaturally acute eyesight. (SInv)
You are afflicted with vampirism and can become a bat while bloodless.


Message History

Jessica writhes in agony.
Jessica zaps a wand.
The puff of flame hits you!
Casting: Necrotise (safe; 1% risk of failure)
Confirm with . or Enter, or press ? or * to list all spells.
Aiming: Necrotise (safe; 1% risk of failure)
Press: ? - help, Shift-Dir - straight line, f/p - Jessica
Aim: Jessica, wielding a +0 club, wearing a +0 robe and carrying a wand of flame (lightly wounded, ally target, chance to affect: 86%) Jessica writhes in agony.
Jessica zaps a wand.
The puff of flame hits you!
* * * LOW HITPOINT WARNING * * *
You swap places.
Your bat zombie hits Jessica.
Jessica gestures wildly while chanting.
Jessica blinks!
Your bat zombie hits Jessica.
Your bat zombie hits Jessica but does no damage. x2
Jessica zaps a wand.
The puff of flame hits your bat zombie!
Your bat zombie is destroyed!
Jessica hits your orc zombie with a +0 club.
Your orc zombie hits Jessica.
Jessica hits your orc zombie with a +0 club.
Your orc zombie is destroyed!
Jessica barely misses your adder zombie.
Your adder zombie closely misses Jessica.
Jessica mumbles some strange words.
Jessica blinks!
Jessica casts a spell.
Jessica seems to speed up.
Your adder zombie closely misses Jessica.
Jessica hits your adder zombie with a +0 club.
Your adder zombie barely misses Jessica.
Jessica hits your adder zombie with a +0 club.
Your adder zombie bites Jessica.
Jessica zaps a wand.
The puff of flame hits your adder zombie!
Your adder zombie is destroyed!
Jessica shouts!
Jessica hits your rat zombie with a +0 club.
Jessica hits your rat zombie with a +0 club!
Your rat zombie is destroyed!
There is an escape hatch in the floor here.
Jessica zaps a wand.
The puff of flame hits you!
You die...
You join the legions of the undead harvest.

# #.#.# #...#.## ##.. #
#.#.######.###.###.## #
####.#.##.....# ##Z#..# #
######....#.##.###.## ##.#.# *
#...........#...###.## ##.##
*####.##..........#......###.##
##..........#####...###)#..)#####
b..#.............#,#* #Z##.#.....
..###...##..####@#.# #.##.#.####
.#*###..##..####.#.# #.##.#.#
#'#.###..#.........####.##.#.####
##._,*##).#.####.#...............
#'#,*##)...........#########.####
.##*##......#.##.### #.#
..###..##Z###.##.# #.#
#..#..###Z###.##@## #.#
#.................# ******#.#


You could see Jessica (fast).

Vanquished Creatures
  An orc priest (D:3)
  3 adders
  2 worms
  2 dart slugs (D:1)
  2 orcs (D:3)
  2 endoplasms
  2 giant cockroaches (D:1)
  5 goblins
  8 hobgoblins
  2 jackals (D:3)
  4 kobolds
  3 quokkas
  2 ball pythons (D:3)
  7 bats
  3 rats
48 creatures vanquished.

Vanquished Creatures (others)
  An adder zombie (D:3)
  A worm zombie (D:3)
  3 bat zombies
  A goblin zombie (D:3)
  2 jackal zombies (D:3)
  A kobold zombie (D:3)
  An orc zombie (D:3)
  A rat zombie (D:3)
11 creatures vanquished.

Grand Total: 59 creatures vanquished

Notes
Turn   | Place    | Note
-------+----------+-------------------------------------------
     0 | D:1      | Milesaru the Vampire Necromancer began the quest for the
                  | Orb.
     0 | D:1      | Reached XP level 1. HP: 13/13 MP: 3/3
     0 | D:1      | Upgraded the game from 0.31-a0-1134-gb247575874 to
                  | 0.31-a0-1144-g99969ba1bc
   269 | D:1      | Reached XP level 2. HP: 19/19 MP: 0/5
   764 | D:1      | Reached skill level 5 in Necromancy
  1086 | D:2      | Found a faded altar of an unknown god.
  1097 | D:2      | Got Plato's Almanac of Outbursts
  1118 | D:2      | Gained mutation: You are afflicted with vampirism and can
                  | become a bat while bloodless. [Vampire growth]
  1118 | D:2      | Reached XP level 3. HP: 24/24 MP: 2/6
  1580 | D:2      | Found a basalt altar of Yredelemnul.
  1588 | D:2      | Became a worshipper of Yredelemnul the Dark
  1867 | D:3      | Reached * piety under Yredelemnul
  1917 | D:3      | Reached XP level 4. HP: 19/30 MP: 2/7
  1967 | D:3      | Learned a level 3 spell: Vampiric Draining
  2280 | D:3      | Noticed Grinder
  2300 | D:3      | Paralysed by Grinder for 3 turns
  2359 | D:3      | Found a sparkling altar of Nemelex Xobeh.
  2482 | D:3      | Noticed Jessica
  2505 | D:3      | Killed from afar by Jessica

Illustrated notes

Levels and vault maps discovered:
D:1:      lightli_arrival_isolated_outpost, layout_basic, serial_bayou_pond_e,
          st_stairs_7, hex_large
D:2:      layout_basic, basic_altar, shapermc_ecumenical_altar_rom_forum
D:3:      layout_loops_ring, nemelex_diamond_rough_becter,
          uniq_crazy_yiuf_cottage, uniq_grinder, uniq_jessica

Skill      XL: |  1  2 |
---------------+-------+-----
Necromancy     | 5 |  5.9
Staves         | |  0.1
Dodging        | |  2.4
Stealth        | |  3.6
Spellcasting   | |  2.9

Action                     |  1- 3 |  4- 6 || total
---------------------------+-------+-------++-------
  Melee: Staff             |    22 |       ||    22
         Bite              |     2 |       ||     2
         Punch             |     1 |     1 ||     2
         Dagger            |     5 |     3 ||     8
   Cast: Necrotise         |    63 |    24 ||    87
Ability: End Transformatio |       |     1 ||     1
         Bat Form          |       |     1 ||     1
         Exsanguinate      |       |     1 ||     1
    Use: Potion            |     1 |       ||     1
         Scroll            |       |     4 ||     4
   Stab: Sleeping          |     1 |       ||     1
 Armour: Robe              |    26 |     8 ||    34
  Dodge: Dodged            |    23 |     4 ||    27

Table legend: (Time is in decaauts)
 A = Elapsed time spent in this place.
 B = Non-inter-level travel time spent in this place.
 C = Inter-level travel time spent in this place.
 D = Time resting spent in this place.
 E = Time spent auto-exploring this place.
 F = Levels seen in this place.
 G = Mean time per level.
                   A        B        C        D        E       F      G
               +--------+--------+--------+--------+--------+-----+--------+
         Total |   2495 |   2495 |      0 |    628 |    992 |   3 |  831.7 |
       Dungeon |   2495 |   2495 |      0 |    628 |    992 |   3 |  831.7 |
               +--------+--------+--------+--------+--------+-----+--------+

Top non-repeatable levels by time:
     D:1: 1032 daAuts
     D:2: 760 daAuts
     D:3: 702 daAuts
